Map: 얼어붙은 사원

Players

코피두잔

  • Race: Terran Terran
  • League: Diamond

Scarlett - Winner!

  • Race: Protoss Protoss
  • League: Diamond

VOD

Have the link to the VOD?

Description

Time

  • Played on: April 14, 2016, 1:06 a.m.
  • Length: 9:19
Show
View Real Time Build Order
Export as new Build Order

코피두잔 Terran 

Build Orders:  

Get SALT Encoding   

  12  0:05  SCV  
  13  0:17  SCV  
  14  0:21  Supply Depot  
  14  0:30  SCV  
  15  0:43  SCV  
  16  0:59  Barracks  
  16  1:00  Barracks  
  16  1:08  Barracks  
  16  1:13  SCV  
  17  1:25  SCV  
  17  1:27  Supply Depot  
  18  1:38  SCV  
  19  1:47  Marine x2  
  19  1:52  SCV  
  22  1:57  Bunker  
  22  1:59  Marine  
  23  2:04  SCV  
  23  2:08  Marine, Supply Depot  
  24  2:12  Marine  
  26  2:17  SCV  
  26  2:20  Marine  
  28  2:30  Bunker  
  28  2:36  Bunker  
  28  2:38  Marine  
  27  2:58  Marine x3  
  25  3:00  Orbital Command  
  28  3:15  Bunker  
  28  3:16  Marine, Bunker  
  28  3:18  Marine  
  26  3:35  Bunker  
  25  3:51  Marine x3  
  25  3:53  SCV  
  26  4:09  Marine x3  
  27  4:13  SCV  
  27  4:16  Refinery  
  28  4:17  Refinery  
  28  4:26  Marine, Bunker  
  28  4:27  Marine x2  
  31  4:44  Marine x2  
  31  4:45  Marine, Barracks x2  
  33  4:56  SCV  
  34  5:02  Marine  
  35  5:07  Marine, Bunker  
  35  5:08  Marine, SCV  
  37  5:21  Marine  
  35  5:25  Marine x2, SCV  
  37  5:39  Marine  
  38  5:43  Marine  
  38  5:45  Ghost Academy  
  38  5:46  Engineering Bay  
  39  6:25  Marine  
  39  6:29  SCV  
  39  6:30  Marine  
  39  6:32  Marine  
  39  6:36  Marine x2  
  36  6:50  Marine  
  33  6:54  Marine x2  
  32  7:08  Marine  
Show
View Real Time Build Order
Export as new Build Order

Scarlett Protoss - Winner!

Build Orders: 1 Gate Expand 

Get SALT Encoding   

  12  0:01  Probe (Chrono Boost)  
  13  0:12  Probe (Chrono Boost)  
  14  0:22  Probe (Chrono Boost)  
  14  0:27  Pylon  
  15  0:45  Probe (Chrono Boost), Gateway  
  15  0:47  Assimilator  
  16  0:56  Probe (Chrono Boost)  
  17  1:06  Probe (Chrono Boost)  
  18  1:17  Probe (Chrono Boost)  
  19  1:26  Nexus  
  19  1:27  Probe (Chrono Boost)  
  20  1:36  Cybernetics Core  
  20  1:38  Probe (Chrono Boost)  
  21  1:43  Assimilator  
  21  1:48  Probe (Chrono Boost)  
  21  1:49  Pylon  
  22  1:59  Probe (Chrono Boost)  
  23  2:12  Adept (Chrono Boost)  
  23  2:14  Mothership Core (Chrono Boost)  
  27  2:28  Warp Gate (Chrono Boost)  
  27  2:32  Probe (Chrono Boost)  
  28  2:37  Pylon  
  28  2:43  Probe  
  29  2:49  Probe  
  28  2:55  Probe  
  28  2:57  Stalker (Chrono Boost)  
  30  3:02  Gateway  
  28  3:21  Pylon  
  28  3:23  Stalker (Chrono Boost)  
  31  3:41  Probe  
  31  3:49  Stalker (Chrono Boost)  
  34  4:17  Gateway x2  
  34  4:19  Pylon  
  32  4:31  Stalker  
  34  4:32  Probe  
  34  4:34  Gateway  
  35  4:42  Probe  
  36  4:56  Stalker  
  38  5:00  Pylon  
  38  5:03  Pylon  
  38  5:04  Pylon  
  37  5:17  Stalker  
  39  5:22  Stalker x2  
  43  5:31  Stalker  
  45  5:41  Gateway  
  45  5:43  Stalker  
  45  5:46  Probe  
  48  5:50  Pylon  
  47  5:57  Stalker x2  
  47  5:58  Probe, Stalker  
  54  6:07  Stalker  
  54  6:33  Nexus  
  54  6:36  Stalker x2  
  57  7:44  Probe  
  58  7:55  Probe  
  48  8:05  Probe  
  49  8:16  Probe  
  50  8:26  Probe  
  51  8:54  Probe  
  52  9:05  Probe  
Tags
 
Add a new tag
Caveats
  • Supply blocks, unpowered buildings, or Contaminate may cause inaccurate times.
  • Supply counts are checked every 10 seconds.